 Dungeon Crawl Stone Soup version 0.27.1-4-g1640c2035a (webtiles) character file.

Game seed: 1172450955011169565

651 bearlyready the Cudgeller (level 7, -7/99 HPs)
             Began as an Ogre Brigand on Nov 15, 2021.
             Was a Follower of Trog.
             Mangled by an iguana (10 damage)
             ... on level 5 of the Dungeon.
             The game lasted 00:08:13 (4601 turns).

bearlyready the Cudgeller (Ogre Brigand)            Turns: 4601, Time: 00:08:14

Health: -7/99      AC:  6    Str: 21    XL:     7   Next: 53%
Magic:  2/2        EV:  9    Int: 10    God:    Trog [*.....]
Gold:   207        SH:  0    Dex: 10    Spells: 6/6 levels left

rFire    . . .     SeeInvis .   q - +1 mace (antimagic)
rCold    . . .     Faith    .   (no shield)
rNeg     . . .     Spirit   .   b - +0 robe
rPois    .         Reflect  .   (helmet restricted)
rElec    .         Harm     .   r - +2 cloak "Yvumnil" {Fly rCorr Str+3 Int-2}
rCorr    +         Rampage  .   (gloves unavailable)
Will     .....                  (boots unavailable)
Stlth    ..........             (no amulet)
HPRegen  0.26/turn              (no ring)
MPRegen  0.08/turn              (no ring)

@: berserking, flying, very quick
A: large, unfitting armour, tough skin 1
a: Renounce Religion, Berserk


You were on level 5 of the Dungeon.
You worshipped Trog.
Trog was aware of your devotion.
You visited 1 branch of the dungeon, and saw 5 of its levels.

You collected 207 gold pieces.

Inventory:

Hand Weapons
 a - a +2 dagger
 g - a +0 club
 q - a +1 antimagic mace (weapon)
Missiles
 d - 15 poisoned darts (quivered)
 f - 150 stones
Armour
 b - a +0 robe (worn)
 c - a +0 cloak
 r - the +2 cloak "Yvumnil" (worn) {Fly rCorr Str+3 Int-2}
   (You found it on level 5 of the Dungeon)

   Str:       It affects your strength (+3).
   Int:       It affects your intelligence (-2).
   Fly:       It grants you flight.
   rCorr:     It protects you from acid and corrosion.
Scrolls
 h - a scroll of vulnerability {unknown}
 i - a scroll of teleportation {unknown}
 k - 4 scrolls of amnesia {unknown}
 l - 4 scrolls of noise {unknown}
 n - a scroll of identify {unknown}
 o - a scroll of fear {unknown}
 p - a scroll of immolation {unknown}
Potions
 m - 2 potions of brilliance
 s - a potion of flight {unknown}


   Skills:
 - Level 2.6 Fighting
 - Level 1.7 Short Blades
 + Level 6.8 Maces & Flails
 - Level 3.0 Throwing
 - Level 0.8 Dodging
 - Level 3.0 Stealth


You had 6 spell levels left.
You didn't know any spells.
Your spell library contained the following spells:

 Spells                   Type           Power      Damage    Failure   Level
 Corona                   Hex            0%         N/A       36%         1
 Ensorcelled Hibernation  Hex/Ice        0%         N/A       50%         2
 Tukima's Dance           Hex            0%         N/A       75%         3


Dungeon Overview and Level Annotations

Branches:
Dungeon (5/15)             Temple (0/1) D:4

Altars:
Qazlal
Trog
Xom


Innate Abilities, Weirdness & Mutations

You are too large for most types of armour.
You have tough skin. (AC +1)


Message History

You hit the bullfrog.
The bullfrog is severely wounded.
The bullfrog misses you.
You hit the bullfrog.
The bullfrog is almost dead.
You kill the bullfrog!
Trog accepts your kill.
You hit the iguana.
The iguana is lightly wounded.
The iguana bites you!
* * * LOW HITPOINT WARNING * * *
Throw: 16 darts (poison)
Press: ? - help, Q - select action, (/) - cycle Shift-Dir - straight line, f - iguana
Aim: an iguana (lightly wounded, 61% to hit)
You throw a poisoned dart.
The poisoned dart barely misses the iguana.
The iguana bites you!
* * * LOW HITPOINT WARNING * * *
Throw: 15 darts (poison)
Press: ? - help, Q - select action, (/) - cycle Shift-Dir - straight line, f/p - iguana
Aim: an iguana (lightly wounded, 61% to hit)
Okay, then.
It was a potion of brilliance.
You feel clever all of a sudden.
The iguana bites you but does no damage.
It was a potion of cancellation.
Your magical effects are unravelling.
You feel magically purged.
You feel a little less clever now. The iguana barely misses you.
A red film seems to cover your vision as you go berserk!
You feel yourself moving faster!
You feel mighty! The iguana bites you.
* * * LOW HITPOINT WARNING * * *
You sock the iguana!
The iguana is heavily wounded.
The iguana barely misses you.
You closely miss the iguana.
The iguana is heavily wounded.
The iguana bites you!
You die...

##. .. ###.######
.....#...# ##.........
# #..........
..###.######..........
...(....(l@...........
......#######.........
....# ## ##...#...#
... ....####.####### .
#)..........#
#####.......#
#######...#....#
#........####### #..
###.####.### ########


You could see an iguana.

Vanquished Creatures
  Sigmund (D:2)
  An ogre (D:5)
  A bullfrog (D:5)
  A scorpion (D:5)
  2 howler monkeys
  2 hounds (D:5)
  2 iguanas (D:5)
  4 adders
  An adder skeleton (D:4)
  A worm (D:3)
  A dart slug (D:1)
  2 orcs
  4 bats
  4 endoplasms
  2 giant cockroaches (D:1)
  2 goblins (D:1)
  4 hobgoblins
  10 jackals (D:3)
  4 kobolds
  A quokka (D:1)
  7 ball pythons
  2 frilled lizards
  6 rats
65 creatures vanquished.

Notes
Turn   | Place    | Note
-------+----------+-------------------------------------------
     0 | D:1      | bearlyready the Ogre Brigand began the quest for the Orb.
     0 | D:1      | Reached XP level 1. HP: 22/22 MP: 1/1
   150 | D:1      | Reached XP level 2. HP: 29/29 MP: 2/2
   944 | D:2      | Reached skill level 1 in Maces & Flails
   950 | D:2      | Reached XP level 3. HP: 36/36 MP: 3/3
   970 | D:2      | Noticed Sigmund
   978 | D:2      | Killed Sigmund
   979 | D:2      | Reached skill level 4 in Maces & Flails
   979 | D:2      | Reached XP level 4. HP: 44/44 MP: 4/4
   979 | D:2      | Reached XP level 5. HP: 50/50 MP: 5/5
  1052 | D:2      | Found a bloodstained altar of Trog.
  1118 | D:2      | Became a worshipper of Trog the Wrathful
  2061 | D:3      | Noticed a phantom
  2628 | D:3      | Reached XP level 6. HP: 24/59 MP: 6/6
  3563 | D:4      | Found a staircase to the Ecumenical Temple.
  3640 | D:4      | Reached * piety under Trog
  3641 | D:4      | Reached skill level 5 in Maces & Flails
  3700 | D:4      | Found a shimmering altar of Xom.
  4123 | D:4      | Found a stormy altar of Qazlal.
  4239 | D:5      | Entered Level 5 of the Dungeon
  4250 | D:5      | Identified the +2 cloak "Yvumnil" {Fly rCorr Str+3 Int-2}
  4561 | D:5      | Reached XP level 7. HP: 57/66 MP: 2/7
  4565 | D:5      | Reached skill level 6 in Maces & Flails
  4599 | D:5      | HP: 3/99 [iguana (6)]
  4601 | D:5      | Mangled by an iguana

Illustrated notes

Levels and vault maps discovered:
D:1:      mrwooster_arrival_statue, layout_basic
D:2:      layout_basic, basic_altar, kennysheep_pointless_box,
          minmay_heptomino_h4, uniq_sigmund
D:3:      layout_basic
D:4:      layout_loops_ring, nicolae_qazlal_general_emergency,
          mainiacjoe_overflow_surrounded_room, minmay_temple_entry_ruins
D:5:      layout_rooms

Skill      XL: |  1  2  3  4  5  6  7 |
---------------+----------------------+-----
Stealth        | 3 |  3.0
Throwing       | 3 |  3.0
Maces & Flails | 1 4 5 6 |  6.8
Fighting       | |  2.6
Short Blades   | |  1.7
Dodging        | |  0.8

Action                   |  1- 3 |  4- 6 |  7- 9 || total
-------------------------+-------+-------+-------++-------
Melee: Dagger            |    17 |       |       ||    17
       Club              |    37 |   171 |       ||   208
       Mace              |       |    35 |    21 ||    56
Throw: Dart              |     6 |    34 |    11 ||    51
Invok: Berserk           |       |       |     1 ||     1
  Use: Potion            |       |       |     2 ||     2
 Stab: Sleeping          |     3 |     4 |       ||     7
Armor: Robe              |    28 |    77 |    15 ||   120
Dodge: Dodged            |    16 |   111 |    15 ||   142
